 Dungeon Crawl Stone Soup version 0.30.0-29-ga12c61a403 (webtiles) character file.

Game seed: 9645434123695957752

14 qw the Shield-Bearer (level 2, -1/19 HPs)
             Began as a Gargoyle Fighter on June 3, 2023.
             Slain by a ball python (2 damage)
             ... on level 2 of the Dungeon.
             The game lasted 00:00:20 (704 turns).

qw the Shield-Bearer (Gargoyle Fighter)              Turns: 704, Time: 00:00:21

Health: -1/19      AC:  9    Str: 19    XL:     2   Next: 45%
Magic:  2/2        EV:  6    Int:  8    God:
Gold:   54         SH:  0    Dex:  9    Spells: 1/1 levels left

rFire   . . .        Y - +0 war axe
rCold   . . .        c - +0 buckler
rNeg    + . .        b - +0 scale mail
rPois   inf          (no helmet)
rElec   +            (no cloak)
rCorr   .            (no gloves)
SInv    .            (no boots)
Will    .....        (no amulet) Stlth
                     (no ring)
HPRegen 0.23/turn    (no ring)
MPRegen 0.08/turn

%: no passive effects
@: confused, constricted
A: sickness immunity, AC +2, negative energy resistance 1, electricity
resistance, torment resistance 1, petrification resistance
a: no special abilities


You were on level 2 of the Dungeon.
You visited 1 branch of the dungeon, and saw 2 of its levels.

You collected 54 gold pieces.


Innate Abilities, Weirdness & Mutations

You are immune to sickness and miasma.
Your stone body is resilient. (AC +2)
You are immune to poison.
You resist negative energy. (rN+)
You are resistant to electric shocks. (rElec)
You are resistant to unholy torment.
You are immune to petrification.


   Skills:
 - Level 3.2 Fighting
 + Level 2.7 Axes
 - Level 3.2 Armour
 - Level 3.2 Shields


You had one spell level left.
You didn't know any spells.
Your spell library was empty.

Inventory:

Hand Weapons
 l - a +2 whip of electrocution
 Y - a +0 war axe (weapon)
Armour
 b - a +0 scale mail (worn)
 c - a +0 buckler (worn)
Potions
 d - a potion of might
 j - a potion of mutation {unknown}

Dungeon Overview and Level Annotations

Branches:
Dungeon (2/15)

Altars:

Annotations:
D:2 Sigmund


Message History

Sigmund hits you from afar with a +0 scythe!
The ball python bites you.
The ball python bites you but does no damage.
The ball python constricts you.
The ball python bites you but does no damage.
Sigmund casts a spell at you.
You are more confused.
The ball python bites you but does no damage.
The ball python constricts you.
The ball python bites you but does no damage.
Sigmund hits you from afar with a +0 scythe!
The ball python barely misses you. The ball python constricts you.
697 ||| DRINKING potion of heal wounds.
You feel much better. The ball python closely misses you.
The ball python bites you but does no damage.
The ball python constricts you.
The ball python bites you but does no damage.
Sigmund gestures at you while chanting. The magic dart hits you.
The ball python bites you but does no damage.
The ball python constricts you.
The ball python bites you but does no damage.
The ball python barely misses you. The ball python constricts you.
Sigmund hits you from afar with a +0 scythe!
Ouch! That really hurt!
The ball python bites you. The ball python barely misses you.
The ball python constricts you.
The ball python bites you but does no damage.
Sigmund is suddenly surrounded by pale blue light.
Sigmund hits you from afar with a +0 scythe.
The ball python bites you. The ball python constricts you.
The ball python bites you. The ball python barely misses you.
The ball python constricts you. The ball python bites you.
Sigmund barely misses you.
The ball python bites you but does no damage.
The ball python constricts you.
The ball python bites you but does no damage. x2
The ball python constricts you. Sigmund hits you but does no damage.
The ball python closely misses you. The ball python bites you.
You die...

................
................
................
#..............#
#...!...........
.........$......
#.....@.......
##...S.###...$
#.....@# .
.......S...#
.#...#.###...#
....##. .###
..#. #. . . < ..
.# . .. +


You could see Sigmund and 2 ball pythons.

Vanquished Creatures
  4 endoplasms
  A hobgoblin (D:1)
  A kobold (D:1)
  A ball python (D:2)
  2 bats (D:1)
  A frilled lizard (D:1)
  2 goblins
  A rat (D:1)
13 creatures vanquished.

Notes
Turn   | Place    | Note
-------+----------+-------------------------------------------
     0 | D:1      | qw the Gargoyle Fighter began the quest for the Orb.
     0 | D:1      | Reached XP level 1. HP: 14/14 MP: 1/1
     0 | D:1      | 0 ||| qw: Version: 0.2-a-103-g5a998e5
     0 | D:1      | 0 ||| qw: Game counter: 971
     0 | D:1      | 0 ||| qw: Always use a shield: true
     0 | D:1      | 0 ||| qw: God list: Okawaru
     0 | D:1      | 0 ||| qw: Allow faded altars: false
     0 | D:1      | 0 ||| qw: Do Orc after D:15 true
     0 | D:1      | 0 ||| qw: Do second Lair branch before Depths: true
     0 | D:1      | 0 ||| qw: Lair rune preference: random
     0 | D:1      | 0 ||| qw: Plans: Normal, Zot:1-4, Slime:5, God:TSO, Crypt,
                  | Tomb, Pan, Hells, Abyss, Win
     0 | D:1      | 0 ||| PLANNING D:1-11
    83 | D:1      | Found a faded altar of an unknown god.
   402 | D:1      | Reached XP level 2. HP: 11/19 MP: 2/2
   558 | D:1      | 558 ||| DROPPING +0 club.
   603 | D:1      | 603 ||| READING scroll labelled TEELUR YROFOK.
   604 | D:1      | 604 ||| READING scroll labelled JEOKLU TAIRYK.
   607 | D:1      | 607 ||| READING scroll labelled DIVECRENI.
   608 | D:1      | 608 ||| READING scroll labelled UQIUST OXICIL.
   609 | D:1      | 609 ||| DRINKING 2 sedimented sapphire potions.
   615 | D:2      | Noticed Sigmund
   618 | D:2      | 618 ||| STAIRDANCE
   620 | D:2      | 620 ||| STAIRDANCE
   626 | D:2      | 626 ||| STAIRDANCE
   667 | D:2      | 667 ||| FLEEEEING.
   668 | D:2      | 668 ||| FLEEEEING.
   669 | D:2      | 669 ||| STAIRDANCE
   686 | D:2      | 686 ||| STAIRDANCE
   696 | D:2      | HP: 1/19 [Sigmund/+0 scythe (8)]
   697 | D:2      | 697 ||| DRINKING potion of heal wounds.
   701 | D:2      | HP: 3/19 [ball python (3)]
   701 | D:2      | HP: 1/19 [ball python (2)]
   704 | D:2      | Slain by a ball python

Levels and vault maps discovered:
D:1:      evilmike_arrival_crescent, layout_loops_ring, basic_ecumenical_altar
D:2:      layout_rooms, kennysheep_flooded_box, uniq_sigmund

Skill      XL: |  1 |
---------------+----+-----
Axes           | 2 |  2.7
Fighting       | |  3.2
Armour         | |  3.2
Shields        | |  3.2

Action                     || total
---------------------------++-------
  Melee: War axe           ||    40
    Use: Scroll            ||     4
         Potion            ||     2
 Armour: Scale mail        ||    45
  Dodge: Dodged            ||    31
  Block: Buckler           ||     8

Table legend:
 A = Non-vault XP
 B = Vault XP
 C = Vault XP percentage of total XP
 D = Non-vault monster count
 E = Vault monster count
 F = Vault count percentage of total count
                 A         B        C        D         E       F
            +---------+---------+-------+---------+---------+-------
      Total |      21 |       0 |   0.0 |      13 |       0 |   0.0
            +---------+---------+-------+---------+---------+-------
        D:1 |      14 |       0 |   0.0 |       9 |       0 |   0.0
        D:2 |       7 |       0 |   0.0 |       4 |       0 |   0.0
            +---------+---------+-------+---------+---------+-------
